 Dungeon Crawl Stone Soup version 0.20.1-1-g8b1a95d (webtiles) character file.

38 letownia2 the Grave Robber (level 3, -1/28 HPs)
             Began as a Deep Dwarf Necromancer on Nov 7, 2017.
             Killed by nerve-wracking pain
             ... invoked by letownia2's ghost
              (2 damage)
             ... on level 4 of the Dungeon.
             The game lasted 00:03:28 (934 turns).

letownia2 the Grave Robber (Deep Dwarf Necromancer)  Turns: 934, Time: 00:03:29

Health: -1/28      AC:  6    Str: 11    XL:     3   Next: 25%
Magic:  4/6        EV: 11    Int: 16    God:
Gold:   109        SH:  0    Dex: 13    Spells: 3/7 levels left

rFire    . . .     SeeInvis .   a - +0 dagger
rCold    . . .     Gourm    .   (no shield)
rNeg     . . .     Faith    .   k - +0 ring mail
rPois    .         Spirit   .   (no helmet)
rElec    .         Reflect  .   (no cloak)
rCorr    .         Harm     .   (no gloves)
MR       .....                  q - +0 pair of boots
Stlth    +.........             (no amulet)
Regen    0.0/turn               (no ring)
MPRegen  0.1/turn               (no ring)

@: non-regenerating
A: damage resistance, heal wounds, sense surroundings 1, no regeneration
a: Heal Wounds


You were on level 4 of the Dungeon.
You were not hungry.

You visited 1 branch of the dungeon, and saw 4 of its levels.

You collected 109 gold pieces.

Inventory:

Hand Weapons
 a - a +0 dagger (weapon)
Armour
 k - a +0 ring mail (worn)
 q - a +0 pair of boots (worn)
Magical Staves
 b - an uncursed staff of summoning
Scrolls
 e - a scroll of amnesia {unknown}
 f - 2 scrolls of enchant weapon {unknown}
 g - 3 scrolls of identify {unknown}
 j - a scroll of teleportation {unknown}
 l - a scroll of remove curse {unknown}
 r - a scroll of enchant armour {unknown}
Potions
 d - a potion of lignification {unknown}
 h - 3 potions of heal wounds {unknown}
 m - a potion of curing {unknown}
 n - a potion of ambrosia {unknown}
 p - a potion of invisibility {unknown}
Books
 o - a book of Necromancy

   Spells                             Type                      Level
   a - Pain                           Necromancy                   1
   b - Animate Skeleton               Necromancy                   1
   c - Vampiric Draining              Necromancy                   3
   d - Regeneration                   Charms/Necromancy            3
   e - Animate Dead                   Necromancy                   4
   f - Control Undead                 Necromancy                   4
Comestibles
 c - a bread ration


   Skills:
 - Level 2.1 Dodging
 - Level 2.4 Stealth
 + Level 2.5 Spellcasting
 + Level 5.0 Necromancy


You had 3 spell levels left.
You knew the following spells:

 Your Spells              Type           Power        Failure   Level  Hunger
a - Pain                  Necr           ###.         6%          1    #......
v - Vampiric Draining     Necr           ###.......   19%         3    ###....


Dungeon Overview and Level Annotations

Branches:
Dungeon (4/15)
 Temple: D:4-7

Altars:
Ashenzari

Portals:
Sewer: D:4

Annotations:
D:2 Terence
D:4 letownia2's ghost, weakling DDNe


Innate Abilities, Weirdness & Mutations

You are resistant to damage.
You can heal yourself by infusing magical energy.
You passively map a small area around you.
You do not regenerate.


Message History

The worm is almost dead.
You hit the worm.
You kill the worm!
A worm comes into view.
You now have 109 gold pieces (gained 9).
You hear the rusting of a drain.
Your magical contamination has completely faded away.
Eat a chunk of flesh? (ye/n/q)
You eat the chunk of flesh.
This raw flesh tastes terrible.
Letownia2's ghost (weakling Deep Dwarf Necromancer) comes into view.
Letownia2's ghost turns its malevolent gaze towards you.
Letownia2's ghost gestures at you while chanting.
Pain shoots through your body!
Letownia2's ghost gestures at you while chanting.
Pain shoots through your body!
* * * LOW HITPOINT WARNING * * *
You see here a ring mail.
Letownia2's ghost gestures at you while chanting.
Pain shoots through your body!
You die...

, , , ..# ..*
'##***#.# * ..#
,... #.# * ..## *
*#.###.##* #
...###
####.....##.#
.....
.....W......#
...##### #..[.#*
.......#### #.#.##
..........# #.#@#
#.#.#####.# #<#.#
.##.#
#.####.#.#########
###.#
#................#
# #.#
#......#########.#
# #.#####.######
#.## # #.......#
#..# ######.##
##.# #.# #.##


You could see letownia2's ghost.

Vanquished Creatures
  An adder (D:3)
  A worm (D:4)
  2 orcs (D:3)
  3 ball pythons
  A giant cockroach (D:4)
  2 goblins (D:2)
  A hobgoblin (D:2)
  3 jackals (D:3)
  A quokka (D:2)
  2 bats
  2 frilled lizards
  2 kobolds
  A leopard gecko skeleton (D:4)
  A rat (D:2)
23 creatures vanquished.

Notes
Turn   | Place    | Note
-------+----------+-------------------------------------------
     0 | D:1      | letownia2 the Deep Dwarf Necromancer began the quest for the Orb.
     0 | D:1      | Reached XP level 1. HP: 15/15 MP: 3/3
    71 | D:2      | Found a shattered altar of Ashenzari.
   416 | D:2      | Reached XP level 2. HP: 22/22 MP: 1/5
   490 | D:2      | Noticed Terence
   572 | D:3      | Reached XP level 3. HP: 19/28 MP: 4/6
   575 | D:3      | Reached skill level 5 in Necromancy
   585 | D:3      | Learned a level 3 spell: Vampiric Draining
   878 | D:4      | Found a glowing drain.
   930 | D:4      | Noticed letownia2's ghost (weakling DDNe)
   932 | D:4      | HP: 1/28 [letownia2's ghost/nerve-wracking pain (10)]
   934 | D:4      | Killed from afar by letownia2's ghost

Skill      XL: |  1  2  3 |
---------------+----------+-----
Spellcasting   | 2 |  2.5
Necromancy     | 5 |  5.0
Dodging        | |  2.1
Stealth        | |  2.4

Action                   || total
-------------------------++-------
Melee: Dagger            ||    53
 Cast: Pain              ||    25
       Vampiric Draining ||     2
  Eat: Chunk             ||     1
Armor: Ring mail         ||    30
Dodge: Dodged            ||    59
